 Dungeon Sprint DCSS version 0.26-a0-980-g0fe3eaa9ac (webtiles) character file.

Game seed: 9309146962947238571

31545 mhtbhm the Executioner (level 13, 0/175 HPs)
             Began as a Human Berserker on Dec 5, 2020.
             Was the Champion of Trog.
             Slain by a freezing wraith (4 damage)
             ... summoned by a royal mummy
             ... in the Dungeon (Sprint V: "Ziggurat Sprint").
             The game lasted 00:08:09 (1621 turns).

mhtbhm the Executioner (Human Berserker)            Turns: 1621, Time: 00:08:10

Health: 0/175      AC: 23    Str: 33      XL:     13   Next: 97%
Magic:  22/22      EV: 11    Int:  7      God:    Trog [******]
Gold:   0          SH: 33    Dex: 11 (13) Spells: 12/12 levels left

rFire    + . .     SeeInvis +   j - +14 obsidian axe {vorpal, +Fly SInv *Curse} (curse)
rCold    + + .     Faith    .   c - +18 shield of the Gong {rElec rN+ MR+ EV-5}
rNeg     + . .     Spirit   .   b - +5 gold dragon scales
rPois    +         Reflect  .   (no helmet)
rElec    +         Harm     .   (no cloak)
rCorr    .         Rampage  .   (no gloves)
MR       +....     NoTele   +   (no boots)
Stlth    ..........             p - amulet of Wiseh {Regen+ MP+9}
HPRegen  0.79/turn              n - +6 ring of strength
MPRegen  0.18/turn              E - ring "Xompitor" {rC+ EV+4 Str+4}

@: berserking, mesmerised, very quick
A: no striking features
a: Berserk, Trog's Hand, Brothers in Arms, Renounce Religion, Evoke Flight


You were in the Dungeon.
You worshipped Trog.
Trog was exalted by your worship.
You visited 1 branch

Inventory:

Hand Weapons
 j - the cursed +14 obsidian axe (weapon) {vorpal, +Fly SInv *Curse}
   (You found it in the Dungeon)

   It inflicts extra damage upon your enemies.
   It lets you see invisible.
   It lets you fly.
   It curses itself when equipped.
   It has a curse placed upon it.
 k - a +3 executioner's axe of flaming
 D - a +3 vorpal broad axe
Missiles
 i - 2 throwing nets
Armour
 b - +5 gold dragon scales (worn)
 c - the +18 shield of the Gong (worn) {rElec rN+ MR+ EV-5}
   (You found it in the Dungeon)

   It affects your evasion (-5).
   It insulates you from electricity.
   It protects you from negative energy.
   It affects your resistance to hostile enchantments.
Jewellery
 a - an uncursed ring of protection from cold
 n - a +6 ring of strength (left hand)
 o - an uncursed ring of resist corrosion
 p - the amulet of Wiseh (around neck) {Regen+ MP+9}
   (You found it in the Dungeon)

   [amulet of regeneration]

   It affects your magic capacity (+9).
   It increases your rate of regeneration.
 q - an uncursed ring of protection from magic
 E - the ring "Xompitor" (right hand) {rC+ EV+4 Str+4}
   (You found it in the Dungeon)

   [ring of evasion]

   It affects your evasion (+4).
   It affects your strength (+4).
   It protects you from cold.
Scrolls
 h - 4 scrolls of blinking
 m - a scroll of brand weapon
 w - 7 scrolls of fog
 x - a scroll of holy word
 y - 2 scrolls of identify
 z - 4 scrolls of remove curse
 A - 2 scrolls of fear
Potions
 d - 10 potions of heal wounds
 e - 6 potions of haste
 f - 7 potions of magic
 g - 3 potions of berserk rage
 s - 2 potions of invisibility
 t - 4 potions of resistance
 u - a potion of experience
 v - 7 potions of might
 B - 10 potions of curing
Miscellaneous
 l - a tin of tremorstones (2/2)
 r - a phantom mirror


   Skills:
 + Level 16.0 Fighting
 + Level 21.1 Axes
 + Level 11.3 Armour
 * Level 13.0 Dodging
 + Level 5.2 Stealth
 - Level 16.4 Shields
 + Level 1.6 Evocations


You had 12 spell levels left.
You didn't know any spells.
Your spell library was empty.

Dungeon Overview and Level Annotations

Branches:
Dungeon (1/1)

Altars:
Ashenzari
Cheibriados
Dithmenos
Elyvilon
Fedhas
Gozag
Hepliaklqana
Kikubaaqudgha
Makhleb
Nemelex Xobeh
Okawaru
Qazlal
Ru
Sif Muna
Trog
Uskayaw
Vehumet
Wu Jian
Xom
Yredelemnul
Zin
The Shining One
Beogh
Jiyva
Lugonu

Annotations:
D 1 transporter


Message History

You destroy the shadow wraith!
You slash the freezing wraith!
Visions of slaying the freezing wraith flood into your mind.
The phantasmal warrior disappears in a puff of smoke!
The mummy disappears in a puff of smoke!
The wraith disappears in a puff of smoke!
Unknown command.
You slice the guardian mummy!! You open a gate to Pandemonium!
A demon appears!
The guardian mummy is almost destroyed.
You slice the necrophage!!
You destroy the necrophage!
The necrophage's corpse disappears in a puff of smoke!
You barely miss the adder simulacrum. You hit the freezing wraith.
Visions of slaying the adder simulacrum flood into your mind.
Your orange demon stings the guardian mummy from afar.
The guardian mummy hits your orange demon with a +2 dagger of venom!
Your orange demon is poisoned.
The wight hits your orange demon but does no damage.
The freezing wraith hits you.
You die...

▓▓▓▓▓▓▓▓▓▓▓▓▓▓▓▓▓▓▓▓▓▓▓
▓.....8©8.....▓....8©8.
▓..[)|}=..)...▓...")[:)
▓....|).).=...▓.."):=|)
▓.....zM.W....▓........
▓.....4MMZ....▓........
▓....ZWM.M§...▓.....††.
▓....)@Mn§....▓....†††.
▓.....44n.§...▓..▓.†)†.
▓..▓.§.....▓..▓.▓.▓...▓
▓.▓.▓§....▓.▓ ▓..▓.....
▓..▓.......▓..▓.....©..
▓.............▓▓▓▓▓▓▓▓▓
▓......©......▓....8©8.
▓▓▓▓▓▓▓▓▓▓▓▓▓▓▓....||".
▓...})=}:


You could see a royal mummy, a mummy priest, 2 guardian mummies, a freezing
wraith (summoned), 2 necrophages, a shadow (summoned), 2 mummies, a wight
(summoned), an adder simulacrum (summoned, mesmerising), a bat skeleton
(summoned), 2 friendly orange demons and a friendly rust devil (summoned).

Vanquished Creatures
  A shadow dragon (D)
  A very ugly thing (D)
  A stone giant (D)
  2 vampire knights (D)
  2 mummy priests (D)
  8 vault guards (D)
  A boulder beetle (D)
  A spriggan air mage (D)
  2 vampire magi (D)
  A death scarab (D)
  A wretched star (D)
  An ugly thing (D)
  2 smoke demons (D)
  4 black mambas (D)
  A torpor snail (D)
  6 cane toads (D)
  3 komodo dragons (D)
  A yaktaur (D)
  A rime drake (D)
  A guardian mummy (D)
  A red devil (D)
  A tormentor (D)
  2 jumping spiders (D)
  7 merfolk (D)
  A blink frog (D)
  2 dream sheep (D)
  2 starcursed masses (D)
  A spriggan (D)
  2 flying skulls (D)
  2 shadows (D)
  A wraith (D)
  3 yaks (D)
  A ynoxinul (D)
  A wyvern (D)
  A large abomination (D)
  A basilisk (D)
  A naga (D)
  2 hell hounds (D)
  A water moccasin (D)
  A black bear (D)
  A phantom (D)
  An ogre (shapeshifter) (D)
  A wolf (D)
  2 centaurs (D)
  A big kobold (shapeshifter) (D)
  2 scorpions (D)
  2 wights (D)
  A crimson imp (D)
  A quasit (D)
  4 iron imps (D)
  A mummy (D)
  4 shadow imps (D)
  A white imp (D)
  2 ufetubi (D)
  2 adder skeletons (D)
  An adder simulacrum (D)
  2 ball pythons (D)
  2 bat skeletons (D)
  A bat zombie (D)
  2 leopard gecko skeletons (D)
  A leopard gecko zombie (D)
  A quokka skeleton (D)
111 creatures vanquished.

Vanquished Creatures (collateral kills)
  A ghoul (D)
  A vampire knight (D)
  A mummy priest (D)
  A death scarab (D)
  A starcursed mass (D)
  2 merfolk (D)
  A neqoxec (D)
  A hell hound (D)
  2 crimson imps (D)
  An iron imp (D)
  A shadow imp (D)
  A white imp (D)
  A quokka zombie (D)
15 creatures vanquished.

Vanquished Creatures (others)
  A shadow imp (D)
1 creature vanquished.

Grand Total: 127 creatures vanquished

Notes
Turn   | Place    | Note
-------+----------+-------------------------------------------
     0 | D        | mhtbhm the Human Berserker began the quest for the Orb.
     0 | D        | Reached XP level 1. HP: 18/18 MP: 1/1
    17 | D        | Found a blossoming altar of Fedhas.
    18 | D        | Found the +6 Majin-Bo {vamp, MP+6 Int+6}
    18 | D        | Found the +9 heavy crossbow "Sniper" {vorpal, Acc+∞ SInv}
    18 | D        | Found the +10 dark maul {vorpal}
    18 | D        | Found the +15 Maxwell's patent armour {-Cast -Tele rElec
                  | MR+ rCorr}
    18 | D        | Found the +18 shield of the Gong {rElec rN+ MR+ EV-5}
    18 | D        | Found the cursed +14 obsidian axe {vorpal, +Fly SInv
                  | *Curse}
    18 | D        | Found the +7 great mace "Firestarter" {inner flame, rF++}
    18 | D        | Found the +6 shillelagh "Devastator" {shatter}
    18 | D        | Found the +11 plutonium sword {*Contam Stlth-}
    18 | D        | Found the +8 lance "Wyrmbane" {slay drac, rPois rF+ rC+
                  | AC+3}
    18 | D        | Found the +9 sword of Zonguldrok {reap}
    18 | D        | Found the cursed +13 scythe of Curses {drain, *Curse}
    18 | D        | Found the +0 sword of Power
    18 | D        | Found the +7 mace of Variability {chain chaos}
    18 | D        | Found the +7 Singing Sword {vorpal, sonic wave}
    18 | D        | Found the +8 storm bow {elec, penet}
    18 | D        | Found a viscous altar of Jiyva.
    18 | D        | Found a transporter.
    18 | D        | Found a hazy altar of Hepliaklqana.
    18 | D        | Found an ancient bone altar of Kikubaaqudgha.
    18 | D        | Found an opulent altar of Gozag.
    18 | D        | Found a corrupted altar of Lugonu.
    20 | D        | Found a burning altar of Makhleb.
    21 | D        | Found a sacrificial altar of Ru.
    21 | D        | Found a stormy altar of Qazlal.
    21 | D        | Found a shimmering blue altar of Sif Muna.
    21 | D        | Found an iron altar of Okawaru.
    21 | D        | Found a bloodstained altar of Trog.
    21 | D        | Found a sparkling altar of Nemelex Xobeh.
    73 | D        | Entered arena 2.
    73 | D        | Noticed a black bear
    73 | D        | Noticed a spriggan
    73 | D        | Found a transporter.
    76 | D        | Killed a spriggan
    77 | D        | Reached skill level 7 in Axes
    77 | D        | Reached XP level 2. HP: 31/31 MP: 2/2
    77 | D        | Reached XP level 3. HP: 36/36 MP: 3/3
    77 | D        | Reached XP level 4. HP: 43/43 MP: 4/4
    77 | D        | Reached XP level 5. HP: 48/48 MP: 5/5
    77 | D        | Killed a black bear
    78 | D        | Reached skill level 8 in Axes
    78 | D        | Reached XP level 6. HP: 56/56 MP: 6/6
   109 | D        | Entered arena 3.
   109 | D        | Noticed a wolf
   109 | D        | Noticed an ogre
   109 | D        | Noticed a cyan ugly thing
   109 | D        | Found a transporter.
   110 | D        | a wolf changed into a big kobold
   114 | D        | Reached ** piety under Trog
   114 | D        | Killed an ogre
   115 | D        | Reached skill level 9 in Axes
   115 | D        | Reached skill level 5 in Armour
   115 | D        | Reached skill level 1 in Stealth
   115 | D        | Reached skill level 1 in Shields
   115 | D        | Reached XP level 7. HP: 64/64 MP: 7/7
   115 | D        | Killed a cyan ugly thing
   116 | D        | Reached skill level 10 in Fighting
   116 | D        | Reached skill level 10 in Axes
   116 | D        | Reached skill level 5 in Dodging
   116 | D        | Reached XP level 8. HP: 72/72 MP: 8/8
   240 | D        | Entered arena 4.
   240 | D        | Found a transporter.
   245 | D        | Reached *** piety under Trog
   248 | D        | Reached skill level 11 in Axes
   290 | D        | Entered arena 5.
   290 | D        | Noticed a jumping spider
   290 | D        | Noticed a jumping spider
   290 | D        | Found a transporter.
   295 | D        | Killed a jumping spider
   295 | D        | Reached **** piety under Trog
   301 | D        | Killed a jumping spider
   302 | D        | Reached skill level 12 in Axes
   302 | D        | Reached XP level 9. HP: 71/81 MP: 9/9
   343 | D        | Entered arena 6.
   343 | D        | Noticed a merfolk
   343 | D        | Noticed a merfolk
   343 | D        | Noticed a merfolk
   343 | D        | Noticed a merfolk
   343 | D        | Noticed a merfolk
   343 | D        | Found a transporter.
   352 | D        | Killed a merfolk
   352 | D        | Killed a merfolk
   353 | D        | Reached skill level 13 in Axes
   354 | D        | Killed a merfolk
   354 | D        | Reached ***** piety under Trog
   356 | D        | Killed a merfolk
   357 | D        | Reached skill level 5 in Shields
   359 | D        | Killed a merfolk
   497 | D        | Entered arena 7.
   497 | D        | Noticed a merfolk
   497 | D        | Noticed a merfolk
   497 | D        | Noticed a merfolk
   497 | D        | Noticed a merfolk
   498 | D        | Found a transporter.
   505 | D        | Killed a merfolk
   505 | D        | Killed a merfolk
   506 | D        | Reached skill level 14 in Axes
   506 | D        | Reached XP level 10. HP: 85/89 MP: 10/10
   508 | D        | Received a gift from Trog
   631 | D        | Entered arena 8.
   632 | D        | Found a transporter.
   636 | D        | Reached ****** piety under Trog
   648 | D        | Entered arena 9.
   649 | D        | Identified the +8 quarterstaff of Yxeeshrun {venom, *Drain
                  | +Rage Dex+8 Stlth+}
   649 | D        | Found a transporter.
   653 | D        | Received a gift from Trog
   663 | D        | Reached skill level 10 in Shields
   677 | D        | Entered arena 10.
   677 | D        | Noticed a starcursed mass
   678 | D        | Found a transporter.
   685 | D        | Killed a starcursed mass
   685 | D        | Received a gift from Trog
   691 | D        | Killed a starcursed mass
   691 | D        | Killed a starcursed mass
   741 | D        | Entered arena 11.
   741 | D        | Noticed a smoke demon
   741 | D        | Noticed a wretched star
   741 | D        | Noticed a smoke demon
   741 | D        | Noticed a green very ugly thing
   742 | D        | Identified the +7 hand crossbow "Nank" {flame, Str+4}
   742 | D        | Found a transporter.
   745 | D        | Received a gift from Trog
   749 | D        | Killed a green very ugly thing
   750 | D        | Reached skill level 15 in Shields
   750 | D        | Reached XP level 11. HP: 93/95 MP: 11/11
   752 | D        | Killed a wretched star
   758 | D        | Received a gift from Trog
  1022 | D        | Got the amulet of Wiseh {Regen+ MP+9}
  1141 | D        | Entered arena 12.
  1142 | D        | Found the +8 arc blade {discharge, rElec}
  1145 | D        | Reached skill level 15 in Axes
  1149 | D        | Found a transporter.
  1152 | D        | Received a gift from Trog
  1206 | D        | Entered arena 13.
  1206 | D        | Noticed a vault guard
  1206 | D        | Noticed a vault guard
  1206 | D        | Noticed a vault guard
  1206 | D        | Noticed a shadow dragon
  1206 | D        | Noticed a stone giant
  1206 | D        | Noticed a vault guard
  1207 | D        | Identified the +5 great sword "Wudiu" {flame, rPois Str+7}
  1207 | D        | Noticed a vault guard
  1207 | D        | Noticed a vault guard
  1207 | D        | Noticed a vault guard
  1207 | D        | Noticed a vault guard
  1208 | D        | Found a transporter.
  1214 | D        | Killed a vault guard
  1216 | D        | Killed a shadow dragon
  1217 | D        | Reached skill level 16 in Axes
  1220 | D        | Killed a vault guard
  1220 | D        | Killed a vault guard
  1220 | D        | Received a gift from Trog
  1221 | D        | Reached XP level 12. HP: 105/105 MP: 12/12
  1223 | D        | Killed a vault guard
  1223 | D        | Killed a stone giant
  1223 | D        | Killed a vault guard
  1224 | D        | Reached skill level 17 in Axes
  1224 | D        | Reached skill level 10 in Armour
  1224 | D        | Reached skill level 1 in Evocations
  1226 | D        | Killed a vault guard
  1229 | D        | Killed a vault guard
  1230 | D        | Reached skill level 18 in Axes
  1230 | D        | Reached skill level 10 in Dodging
  1234 | D        | Killed a vault guard
  1242 | D        | Got an iridescent broad axe {god gift}
  1243 | D        | Identified the +0 broad axe of the Tundras {flame, Int-5
                  | Dex+5} (Trog gifted it to you in the Dungeon)
  1363 | D        | Entered arena 14.
  1364 | D        | Noticed a spriggan air mage
  1365 | D        | Noticed a boulder beetle
  1370 | D        | Received a gift from Trog
  1378 | D        | Killed a spriggan air mage
  1378 | D        | Received a gift from Trog
  1379 | D        | Reached XP level 13. HP: 113/113 MP: 13/13
  1379 | D        | Found a transporter.
  1383 | D        | Killed a boulder beetle
  1384 | D        | Reached skill level 19 in Axes
  1404 | D        | Got the ring "Xompitor" {rC+ EV+4 Str+4}
  1437 | D        | Entered arena 15.
  1438 | D        | Noticed a vampire knight
  1438 | D        | Noticed a vampire knight
  1439 | D        | Noticed a vampire knight
  1439 | D        | Noticed a ghoul
  1440 | D        | Found a transporter.
  1446 | D        | Killed a vampire knight
  1449 | D        | Received a gift from Trog
  1450 | D        | Killed a vampire knight
  1454 | D        | Received a gift from Trog
  1461 | D        | Killed a vampire knight
  1461 | D        | Killed a ghoul
  1462 | D        | Reached skill level 20 in Axes
  1462 | D        | Reached skill level 5 in Stealth
  1465 | D        | Reached skill level 15 in Fighting
  1541 | D        | Entered arena 16.
  1544 | D        | Found a transporter.
  1546 | D        | Received a gift from Trog
  1549 | D        | Received a gift from Trog
  1597 | D        | Entered arena 17.
  1600 | D        | Noticed a mummy priest
  1600 | D        | Noticed a mummy priest
  1600 | D        | Noticed a mummy priest
  1600 | D        | Noticed a royal mummy
  1601 | D        | Noticed a mummy priest
  1604 | D        | Noticed a jiangshi
  1604 | D        | Found a transporter.
  1606 | D        | Received a gift from Trog
  1608 | D        | Killed a mummy priest
  1608 | D        | Received a gift from Trog
  1617 | D        | HP: 3/175 [mummy priest/divine providence (12)]
  1618 | D        | Killed a mummy priest
  1619 | D        | Reached skill level 21 in Axes
  1619 | D        | Killed a mummy priest
  1621 | D        | Slain by a freezing wraith

Illustrated notes

Levels and vault maps discovered:
D:        sprint_v [room_start, room_1, room_2, room_3, room_4, room_5, room_6,
          room_7, room_8, room_9, room_10, room_11, room_12, room_13, room_14,
          room_15, room_16, room_17, room_18, room_19, room_20, room_21,
          room_22, room_23, room_24, room_25, room_26, room_27]

Skill      XL: |  1  2  3  4  5  6  7  8  9 10 11 12 13 |
---------------+----------------------------------------+-----
Fighting       | 7 9 10 11 12 13 14 16 | 16.0
Axes           | 7 8 9 10 12 14 16 18 21 | 21.1
Armour         | 4 5 6 7 8 9 10 11 | 11.3
Dodging        | 3 4 5 8 11 13 | 13.0
Stealth        | 1 2 3 4 5 |  5.2
Shields        | 1 3 6 15 16 | 16.4
Evocations     | 1 |  1.6

Action                   |  1- 3 |  4- 6 |  7- 9 | 10-12 | 13-15 || total
-------------------------+-------+-------+-------+-------+-------++-------
Melee: Broad axe         |     2 |     4 |    24 |    78 |    49 ||   157
Invok: Berserk           |     1 |     1 |     4 |     5 |     3 ||    14
Evoke: Tin of tremorston |       |       |       |     2 |       ||     2
  Use: Scroll            |       |       |       |     1 |     3 ||     4
 Stab: Distracted        |       |     1 |       |     2 |       ||     3
Armor: Gold dragon scale |     1 |     1 |    10 |    25 |    11 ||    48
Dodge: Dodged            |       |       |     1 |     1 |     6 ||     8
Block: Kite shield       |     5 |     4 |    56 |    99 |    51 ||   215

Table legend: (Time is in decaauts)
 A = Elapsed time spent in this place.
 B = Non-inter-level travel time spent in this place.
 C = Inter-level travel time spent in this place.
 D = Time resting spent in this place.
 E = Time spent auto-exploring this place.
 F = Levels seen in this place.
 G = Mean time per level.
                   A        B        C        D        E       F      G
               +--------+--------+--------+--------+--------+-----+--------+
         Total |   1710 |   1710 |      0 |   1033 |      0 |   1 | 1710.0 |
       Dungeon |   1710 |   1710 |      0 |   1033 |      0 |   1 | 1710.0 |
               +--------+--------+--------+--------+--------+-----+--------+

Top non-repeatable levels by time:
       D: 1710 daAuts
